 Dungeon Crawl Stone Soup version 0.28-a0-1190-g77e1c55843 (webtiles) character file.

Game seed: 17868814893601510848

7 SmokeWeed the Caller (level 2, -1/16 HPs)
             Began as a Kobold Summoner on Dec 18, 2021.
             Slain by a jackal (2 damage)
             ... on level 1 of the Dungeon.
             The game lasted 00:02:07 (512 turns).

SmokeWeed the Caller (Kobold Summoner)               Turns: 512, Time: 00:02:08

Health: -1/16      AC:  2    Str:  5    XL:     2   Next: 10%
Magic:  5/5        EV: 15    Int: 16    God:
Gold:   18         SH:  0    Dex: 15    Spells: 4/5 levels left

rFire   . . .      SeeInvis .   b - +0 short sword
rCold   . . .      Faith    .   (shield restricted)
rNeg    . . .      Spirit   .   a - +0 robe
rPois   .          Reflect  .   (no helmet)
rElec   .          Harm     .   (no cloak)
rCorr   .          Rampage  .   (no gloves)
Will    .....                   (no boots)
Stlth   +++.......              (no amulet)
HPRegen 0.05/turn               (no ring)
MPRegen 0.09/turn               (no ring)

@: no status effects
A: small, no large weapons, nightstalker 3
a: no special abilities


You were on level 1 of the Dungeon.
You visited 1 branch of the dungeon, and saw 1 of its levels.

You collected 18 gold pieces.

Inventory:

Hand Weapons
 b - a +0 short sword (weapon)
Armour
 a - a +0 robe (worn)
Scrolls
 c - a scroll of vulnerability {unknown}


   Skills:
 * Level 0.3 Fighting
 + Level 2.4 Dodging
 * Level 3.0 Stealth
 + Level 2.2 Spellcasting
 + Level 4.2 Summonings


You had 4 spell levels left.
You knew the following spells:

 Your Spells              Type           Power      Damage    Failure   Level
a - Summon Small Mammal   Summ           60%        N/A       3%          1

Your spell library contained the following spells:

 Spells                   Type           Power      Damage    Failure   Level
 Call Imp                 Summ           15%        N/A       5%          2
 Call Canine Familiar     Summ           15%        N/A       11%         3
 Summon Guardian Golem    Hex/Summ       8%         N/A       26%         3
 Summon Lightning Spire   Summ/Air       8%         N/A       65%         4


Dungeon Overview and Level Annotations

Branches:
Dungeon (1/15)

Altars:


Innate Abilities, Weirdness & Mutations

You are small and have problems with some larger weapons.
You are completely attuned to the shadows.


Message History

Your bat hits the jackal but does no damage. x2
Something misses your bat. x2
Your bat hits the jackal but does no damage.
Something closely misses your bat. The jackal closely misses you.
Your bat closely misses the jackal.
Your bat hits the jackal but does no damage.
Your bat barely misses the jackal.
Your bat hits the jackal but does no damage.
Your bat closely misses the jackal.
The jackal barely misses you.
Your bat hits the jackal.
Your bat closely misses the jackal.
Your bat hits the jackal. The jackal completely misses you.
Your bat hits the jackal but does no damage. x2
Your bat hits the jackal.
Your bat closely misses the jackal.
Something bites your bat.
Your bat dies!
Your bat's corpse disappears in a puff of smoke!
The jackal bites you but does no damage.
The jackal misses you. The jackal bites you. The jackal bites you.
You see here a +0 short sword.
The jackal bites you but does no damage.
The jackal misses you. The jackal bites you.
* * * LOW HITPOINT WARNING * * *
The jackal bites you but does no damage.
The jackal closely misses you. The jackal bites you.
* * * LOW HITPOINT WARNING * * *
You see here a jackal corpse.
The jackal misses you. The jackal barely misses you.
Found 12 gold pieces.
Found a stone staircase leading down.
The jackal bites you.
* * * LOW HITPOINT WARNING * * *
The jackal bites you but does no damage.
There is a stone staircase leading down here.
The jackal closely misses you. The jackal bites you.
You die...

. ....# ###
###.#.# .. ...#.#
#######.#.########
......†......hhh@#
#.#####+#.###.####
#..... ...# #$#
#.........# #.#
#.........# #.#
#..... ..# #.# #.#


You could see 3 jackals.

Vanquished Creatures
  A jackal (D:1)
  A kobold (D:1)
  A bat (D:1)
3 creatures vanquished.

Vanquished Creatures (collateral kills)
  A dart slug (D:1)
  A ball python (D:1)
2 creatures vanquished.

Grand Total: 5 creatures vanquished

Notes
Turn   | Place    | Note
-------+----------+-------------------------------------------
     0 | D:1      | SmokeWeed the Kobold Summoner began the quest for the Orb.
     0 | D:1      | Reached XP level 1. HP: 10/10 MP: 3/3
   384 | D:1      | Reached XP level 2. HP: 15/15 MP: 5/5
   512 | D:1      | Slain by a jackal

Illustrated notes

Levels and vault maps discovered:
D:1:      dpeg_arrival_tiny_j, layout_basic

Skill      XL: |  1 |
---------------+----+-----
Stealth        | 3 |  3.0
Fighting       | |  0.3
Dodging        | |  2.4
Spellcasting   | |  2.2
Summonings     | |  4.2

Action                   || total
-------------------------++-------
Melee: Unarmed           ||     4
       Short sword       ||    12
 Cast: Summon Small Mamm ||    13
  Use: Potion            ||     1
 Stab: Sleeping          ||     4
Armor: Robe              ||    11
Dodge: Dodged            ||    30

Table legend: (Time is in decaauts)
 A = Elapsed time spent in this place.
 B = Non-inter-level travel time spent in this place.
 C = Inter-level travel time spent in this place.
 D = Time resting spent in this place.
 E = Time spent auto-exploring this place.
 F = Levels seen in this place.
 G = Mean time per level.
                   A        B        C        D        E       F      G
               +--------+--------+--------+--------+--------+-----+--------+
         Total |    512 |    512 |      0 |     29 |    349 |   1 |  512.0 |
       Dungeon |    512 |    512 |      0 |     29 |    349 |   1 |  512.0 |
               +--------+--------+--------+--------+--------+-----+--------+

Top non-repeatable levels by time:
     D:1: 512 daAuts
